 Dungeon Crawl Stone Soup version 0.29.1-15-g9cfb28693d (webtiles) character file.

Game seed: 2024505455692409123

408 Artool the Cudgeller (level 6, -2/48 HPs)
             Began as a Demonspawn Gladiator on Apr 5, 2023.
             Succumbed to a scorpion's poison
             ... on level 5 of the Dungeon.
             The game lasted 00:06:55 (3861 turns).

Artool the Cudgeller (Demonspawn Gladiator)         Turns: 3861, Time: 00:06:55

Health: -2/48      AC:  6    Str: 14    XL:     6   Next: 57%
Magic:  6/6        EV: 14    Int: 10    God:
Gold:   227        SH:  0    Dex: 20    Spells: 5/5 levels left

rFire   . . .      SeeInvis .   r - +2 war axe (vamp)
rCold   . . .      Faith    .   (no shield)
rNeg    . . .      Spirit   .   b - +0 leather armour
rPois   .          Reflect  .   c - +0 helmet
rElec   .          Harm     .   (no cloak)
rCorr   .          Rampage  .   (no gloves)
Will    .....                   l - +1 pair of boots
Stlth   +++.......              (no amulet)
HPRegen 0.16/turn               (no ring)
MPRegen 0.20/turn               (no ring)

@: lethally poisoned (-2 -> -18)
A: thin skeletal structure 2, powered by pain 1, magic regeneration
a: no special abilities


You were on level 5 of the Dungeon.
You visited 1 branch of the dungeon, and saw 6 of its levels.

You collected 227 gold pieces.

Inventory:

Hand Weapons
 a - a +0 flail
 q - a +2 hand axe of electrocution
 r - a +2 vampiric war axe (weapon)
Missiles
 d - 3 throwing nets (quivered)
 e - a javelin
 w - 5 boomerangs
Armour
 b - a +0 leather armour (worn)
 c - a +0 helmet (worn)
 l - a +1 pair of boots (worn)
Jewellery
 v - an amulet of faith
Wands
 y - a wand of paralysis (2)
Scrolls
 f - a scroll of noise {unknown}
 i - 6 scrolls of identify {unknown}
 j - a scroll of magic mapping {unknown}
 k - a scroll of blinking {unknown}
 m - a scroll of butterflies {unknown}
 n - 4 scrolls of teleportation {unknown}
 s - a scroll of enchant armour {unknown}
 t - a scroll of poison {unknown}
 x - a scroll of brand weapon {unknown}
Potions
 g - 2 potions of mutation {unknown}
 h - 3 potions of curing {unknown}
 o - 2 potions of lignification {unknown}
 p - a potion of brilliance {unknown}
 u - 2 potions of magic {unknown}


   Skills:
 + Level 4.3 Fighting
 + Level 4.4 Maces & Flails
 - Level 2.0 Throwing
 + Level 4.4 Dodging


You had 5 spell levels left.
You didn't know any spells.
Your spell library contained the following spells:

 Spells                   Type           Power      Damage    Failure   Level
 Freeze                   Ice            0%         1d3       43%         1
 Sublimation of Blood     Necr           0%         N/A       58%         2
 Wereblood                Tmut           0%         N/A       58%         2
 Frozen Ramparts          Ice            0%         1d1       82%         3
 Hailstorm                Conj/Ice       0%         3d3       99%         4
 Summon Hydra             Summ           0%         N/A       100%        7


Dungeon Overview and Level Annotations

Branches:
Dungeon (6/15)
 Temple: D:4-7

Altars:
Lugonu

Shops:
D:1 !

Portals:
Abyss: D:5

Annotations:
D:2 Sigmund
D:5 2 runed translucent doors


Innate Abilities, Weirdness & Mutations

You have a moderately thin skeletal structure. (Dex +4, Stealth++)
You sometimes gain a little power by taking damage.
You regenerate magic rapidly.


Message History

The adder bites you.
* * * LOW HITPOINT WARNING * * *
You are poisoned.
The adder poisons you!
You feel sick. The scorpion closely misses you.
The scorpion stings you but does no damage.
An adder comes into view.
You feel sick.
The adder hisses angrily.
The adder attacks as you move away! The adder misses you.
You feel sick. The adder misses you.
There is a stone staircase leading down here.
You feel sick.
You are no longer poisoned.
The scorpion completely misses you. The adder barely misses you.
You climb downwards.
Found a sapphire ring.
Found an escape hatch in the ceiling.
There is a stone staircase leading up here.
The adder attacks as you move away! The adder barely misses you.
The scorpion stings you but does no damage.
The adder attacks as you move away! The adder completely misses you.
The scorpion closely misses you. The adder closely misses you.
There is an escape hatch in the ceiling here.
The scorpion barely misses you. The adder barely misses you.
A mysterious force pulls you upwards. The hatch slams shut behind you.
Level annotation: 2 runed translucent doors You are too injured to fight recklessly!
You closely miss the adder. You barely miss the scorpion. The adder bites you.
* * * LOW HITPOINT WARNING * * *
You are lethally poisoned!
The adder poisons you! The scorpion closely misses you.
The adder barely misses you. The scorpion stings you.
* * * LOW HITPOINT WARNING * * *
You are more poisoned.
The scorpion poisons you!
You slash the adder!
The adder is heavily wounded.
You hit the scorpion but do no damage.
You die...

...##.#..## .
.......###..........# #.
........#...........##..
........#...............
...........###........#
...........##....<....#
............##........#
.....................##
......S@.............###
......s.................
..###...................
..###..................
..................#++#.
S...............###K.##
.............#.## #....
.............#.# .....
....S.....#....# ?.._..


You could see a scorpion and an adder.

Vanquished Creatures
  A phantom (D:5)
  A necrophage (D:4)
  A scorpion (D:3)
  3 hounds
  An iguana (D:4)
  3 adders
  An ufetubus (D:4)
  2 worms (D:4)
  3 dart slugs (D:1)
  An orc (D:3)
  6 ball pythons
  4 endoplasms
  2 giant cockroaches
  9 goblins
  2 hobgoblins (D:3)
  6 quokkas
  4 bats
  4 frilled lizards
  7 kobolds
  6 rats
67 creatures vanquished.

Notes
Turn   | Place    | Note
-------+----------+-------------------------------------------
     0 | D:1      | Artool the Demonspawn Gladiator began the quest for the
                  | Orb.
     0 | D:1      | Reached XP level 1. HP: 16/16 MP: 1/1
   119 | D:1      | Found Poshorch's Distillery.
   257 | D:1      | Gained mutation: You sometimes gain a little power by
                  | taking damage. [demonic ancestry]
   257 | D:1      | Reached XP level 2. HP: 19/22 MP: 2/2
   504 | D:1      | Found a faded altar of an unknown god.
   877 | D:2      | Gained mutation: You regenerate magic rapidly. [demonic
                  | ancestry]
   877 | D:2      | Reached XP level 3. HP: 28/28 MP: 3/3
  1231 | D:2      | Noticed Sigmund
  1524 | D:3      | Noticed a scorpion
  1535 | D:3      | Killed a scorpion
  1536 | D:3      | Reached XP level 4. HP: 11/35 MP: 4/4
  2644 | D:4      | Gained mutation: You have a somewhat thin skeletal
                  | structure. (Dex +2, Stealth+) [demonic ancestry]
  2644 | D:4      | Reached XP level 5. HP: 41/41 MP: 5/5
  3443 | D:5      | Entered Level 5 of the Dungeon
  3443 | D:5      | Found a large runed translucent door.
  3443 | D:5      | Found a large runed translucent door.
  3455 | D:4      | Gained mutation: You have a moderately thin skeletal
                  | structure. (Dex +4, Stealth++) [demonic ancestry]
  3455 | D:4      | Reached XP level 6. HP: 46/48 MP: 6/6
  3752 | D:5      | Found a corrupted altar of Lugonu.
  3805 | D:5      | Found a one-way gate to the infinite horrors of the Abyss.
  3861 | D:5      | Succumbed to a scorpion's poison

Illustrated notes

Levels and vault maps discovered:
D:1:      psy_arrival_dodecagon, layout_loops_cross, serial_shops,
          nicolae_diamond_shop, basic_ecumenical_altar
D:2:      minmay_spotlight, layout_rooms, uniq_sigmund
D:3:      layout_loops_ring, glass_columns_a, roderic_st_hans_cross,
          wander_ebering_terrifying_dragon_lair
D:4:      layout_gridville, minmay_box_of_dots
D:5:      due_chaos_kobolds, layout_cave_pools, serial_column_ruins,
          column_ruins_open_small, column_ruins_corridor_dead_end,
          column_ruins_grid_1, column_ruins_corridor_dead_end,
          chequers_serial_rivers_micro_b, nrook_mini_backslash, moated_statue
D:6:      layout_basic, temple_pool_b

Skill      XL: |  1  2  3  4  5  6 |
---------------+-------------------+-----
Throwing       | 2 |  2.0
Dodging        | 3 4 |  4.4
Maces & Flails | 3 4 |  4.4
Fighting       | 3 4 |  4.3

Action                   |  1- 3 |  4- 6 || total
-------------------------+-------+-------++-------
Melee: Flail             |    74 |    20 ||    94
       War axe           |       |   133 ||   133
 Stab: Sleeping          |     3 |     4 ||     7
Armor: Leather armour    |    29 |    74 ||   103
Dodge: Dodged            |    42 |   189 ||   231
